 Dungeon Crawl Stone Soup version 0.21-a0-41-g5e91fef (webtiles) character file.

23 blackwizard the Caller (level 2, 0/24 HPs)
             Began as a Troll Summoner on June 3, 2017.
             Succumbed to an adder's poison
             ... on level 2 of the Dungeon.
             The game lasted 00:03:21 (861 turns).

blackwizard the Caller (Troll Summoner)              Turns: 861, Time: 00:03:22

Health: 0/24       AC:  5    Str: 15    XL:     2   Next: 72%
Magic:  3/3        EV: 10    Int: 11    God:
Gold:   77         SH:  0    Dex: 10    Spells: 2/3 levels left

rFire    . . .     SeeInvis .   k - +0 club
rCold    . . .     Gourm    +   (no shield)
rNeg     . . .     Faith    .   a - +0 robe
rPois    .         Spirit   .   (helmet restricted)
rElec    .         Reflect  .   (no cloak)
rCorr    .         Harm     .   (gloves unavailable)
MR       .....                  (boots unavailable)
Stlth    +.........             (no amulet)
Regen    0.5/turn               (no ring)
MPRegen  0.1/turn               (no ring)

@: lethally poisoned (0 -> 0)
A: unfitting armour, claws 3, fast metabolism 3, gourmand, regeneration 1,
shaggy fur 1, tough skin 2
a: no special abilities


You were on level 2 of the Dungeon.
You were hungry.

You visited 1 branch of the dungeon, and saw 2 of its levels.

You collected 77 gold pieces.

Inventory:

Hand Weapons
 k - a +0 club (weapon)
Missiles
 d - 30 stones (quivered)
 n - 16 arrows
Armour
 a - a +0 robe (worn)
Scrolls
 e - a scroll of enchant weapon {unknown}
 i - a scroll of identify {unknown}
 j - a scroll of remove curse {unknown}
 l - 2 scrolls of teleportation {unknown}
 p - a scroll of immolation {unknown}
Potions
 m - a potion of curing {unknown}
 o - a potion of cancellation {unknown}
Books
 b - a book of Callings

   Spells                             Type                      Level
   a - Summon Small Mammal            Summoning                    1
   b - Call Imp                       Summoning                    2
   c - Call Canine Familiar           Summoning                    3
   d - Summon Guardian Golem          Hexes/Summoning              3
   e - Summon Lightning Spire         Summoning/Air                4
   f - Summon Ice Beast               Ice/Summoning                4
Comestibles
 c - a bread ration
 f - 4 fruits
 g - 2 chunks of flesh
 h - a meat ration


   Skills:
 + Level 0.1 Maces & Flails
 + Level 2.0 Dodging
 + Level 1.0 Stealth
 + Level 1.3 Spellcasting
 + Level 3.3 Summonings


You had 2 spell levels left.
You knew the following spells:

 Your Spells              Type           Power        Failure   Level  Hunger
a - Summon Small Mammal   Summ           #...         8%          1    ##.....


Dungeon Overview and Level Annotations

Branches:
Dungeon (1/15)

Altars:


Innate Abilities, Weirdness & Mutations

You are too large for most types of armour.
You have claws for hands.
Your metabolism is lightning-fast.
You like to eat raw meat.
Your natural rate of healing is unusually fast.
You are covered in fur. (AC +1)
You have very tough skin. (AC +2)


Message History

Your rat disappears in a puff of smoke!
* * * LOW HITPOINT WARNING * * *
You feel sick.
* * * LOW HITPOINT WARNING * * *
You feel sick.
* * * LOW HITPOINT WARNING * * *
You feel sick.
* * * LOW HITPOINT WARNING * * *
You feel sick.
* * * LOW HITPOINT WARNING * * *
You feel sick.
* * * LOW HITPOINT WARNING * * *
You feel sick.
* * * LOW HITPOINT WARNING * * *
You feel sick.
* * * LOW HITPOINT WARNING * * *
You feel sick.
* * * LOW HITPOINT WARNING * * *
You feel sick.
You die...

#.# #.># #.#
#..# #.# #...
#.# #.##
##.#####.# #
#......).##.#
+...........#
#........####
#....@...#
#........#
######...#
#####


There were no monsters in sight!

Vanquished Creatures
  An adder (D:2)
  A leopard gecko (D:1)
  2 goblins (D:1)
  2 hobgoblins (D:1)
  2 bats (D:1)
  A frilled lizard (D:1)
  2 rats (D:1)
11 creatures vanquished.

Vanquished Creatures (collateral kills)
  A hobgoblin (D:2)
  2 bats (D:1)
3 creatures vanquished.

Grand Total: 14 creatures vanquished

Notes
Turn   | Place    | Note
-------+----------+-------------------------------------------
     0 | D:1      | blackwizard the Troll Summoner began the quest for the Orb.
     0 | D:1      | Reached XP level 1. HP: 16/16 MP: 1/1
    82 | D:1      | Reached skill level 3 in Summonings
   450 | D:1      | Reached XP level 2. HP: 24/24 MP: 0/2
   592 | D:1      | Paralysed by fainting for 8 turns
   726 | D:1      | You fall through a shaft!
   854 | D:2      | HP: 1/24 [poisoned by an adder]
   859 | D:2      | HP: 1/24 [poisoned by an adder]
   861 | D:2      | Succumbed to an adder's poison

Vault maps used:
D:1:      dpeg_arrival_lava_temple_mockup
D:2:      uniq_robin

Skill      XL: |  1  2 |
---------------+-------+-----
Summonings     | 3 |  3.3
Dodging        | 2 |  2.0
Maces & Flails | |  0.1
Stealth        | |  1.0
Spellcasting   | |  1.3

Action                   || total
-------------------------++-------
Melee: Club              ||    41
       Unarmed           ||     5
 Cast: Summon Small Mamm ||     8
  Eat: Bread ration      ||     1
Armor: Robe              ||    49
Dodge: Dodged            ||    51
